 Dungeon Crawl Stone Soup version 0.25-a0-474-ga8a2ee3166 (webtiles) character file.

Game seed: 14457454372692022611, levelgen mode: deterministic

69 LairdRich the Skirmisher (level 4, -8/41 HPs)
             Began as a Minotaur Berserker on Feb 7, 2020.
             Was a Believer of Trog.
             Killed by divine providence
             ... invoked by an orc priest
              (13 damage)
             ... on level 3 of the Dungeon.
             The game lasted 00:05:30 (2783 turns).

LairdRich the Skirmisher (Minotaur Berserker)       Turns: 2783, Time: 00:05:30

Health: -8/41      AC: 16    Str: 22    XL:     4   Next: 2%
Magic:  3/3        EV:  2    Int:  4    God:    Trog [**....]
Gold:   83         SH: 12    Dex: 10    Spells: 3/3 levels left

rFire    . . .     SeeInvis .   a - +0 hand axe
rCold    . . .     Gourm    .   o - +1 large shield {AC+3}
rNeg     . . .     Faith    .   k - +0 plate armour
rPois    .         Spirit   .   (helmet restricted)
rElec    .         Reflect  .   (no cloak)
rCorr    .         Harm     .   g - +0 pair of gloves
MR       .....                  l - +0 pair of boots
Stlth    ..........             (no amulet)
HPRegen  0.13/turn              (no ring)
MPRegen  0.08/turn              (no ring)

@: no status effects
A: retaliatory headbutt, horns 2
a: Berserk, Trog's Hand, Renounce Religion


You were on level 3 of the Dungeon.
You worshipped Trog.
Trog was pleased with you.
You were not hungry.

You visited 1 branch of the dungeon, and saw 4 of its levels.

You collected 83 gold pieces.

Inventory:

Hand Weapons
 a - a +0 hand axe (weapon)
Missiles
 e - 4 silver javelins (quivered)
Armour
 g - a +0 pair of gloves (worn)
 k - a +0 plate armour (worn)
 l - a +0 pair of boots (worn)
 o - a +1 large shield of protection (worn)
Scrolls
 b - a scroll of noise {unknown}
 d - 4 scrolls of identify {unknown}
 f - a scroll of amnesia {unknown}
 h - a scroll of random uselessness {unknown}
 m - a scroll of enchant weapon {unknown}
 r - a scroll of fog {unknown}
Potions
 i - a potion of flight {unknown}
 j - a potion of brilliance {unknown}
 n - 2 potions of curing {unknown}
 p - a potion of heal wounds {unknown}
Comestibles
 c - 6 rations
 q - 5 chunks of flesh


   Skills:
 * Level 4.5 Fighting
 * Level 4.5 Axes
 + Level 3.1 Armour
 + Level 2.6 Dodging


You had 3 spell levels left.
You didn't know any spells.
Your spell library was empty.

Dungeon Overview and Level Annotations

Branches:
Dungeon (4/15)
 Temple: D:4-7

Altars:
Fedhas


Innate Abilities, Weirdness & Mutations

You reflexively headbutt those who attack you in melee.
You have a pair of horns on your head.


Message History

The orc priest invokes the aid of Beogh against you.
Beogh smites you!
The orc warrior hits you with a +0 short sword.
* * * LOW HITPOINT WARNING * * *
Your shield prevents you from hitting the orc warrior.
You headbutt the orc warrior!
The orc warrior is moderately wounded.
You closely miss the orc priest.
The orc priest hits you but does no damage.
You block the orc warrior's attack. You block the orc priest's attack.
Your shield and plate armour prevent you from hitting the orc warrior.
The orc warrior is moderately wounded.
You hit the orc priest but do no damage.
The orc warrior hits you with a +0 short sword.
* * * LOW HITPOINT WARNING * * *
You block the orc priest's attack.
The orc priest casts a cantrip, but nothing happens.
The orc priest invokes the aid of Beogh against you.
Beogh smites you!
You die...

##<##.## #.###.#.#.....#
##..#...##### #...........#
............# ####...÷.#.###
##.##...###.#........))#...###
.......## #. .####.....÷.....#
.....######.# ##......###...
.#...<......> ##.##....###
.###.######.########.##......###
. #.# ##.##.o@....##........##
#.# ##...#.#########.....###.
#.# #..)o........# #...###...
#.# ##...#.#####.# #.###..(..
#.# ##.##.# #........# #.# ##
#.# ###...#### #.# ##.# ##.##
#..# #.# #.## ######.##


You could see an orc warrior and an orc priest.

Vanquished Creatures
  An adder (D:3)
  An ooze (D:3)
  A leopard gecko (D:1)
  An orc (D:3)
  10 bats
  A giant cockroach (D:1)
  3 goblins
  9 hobgoblins
  8 jackals
  7 kobolds
  4 frilled lizards
  3 rats
49 creatures vanquished.

Notes
Turn   | Place    | Note
-------+----------+-------------------------------------------
     0 | D:1      | LairdRich the Minotaur Berserker began the quest for the
                  | Orb.
     0 | D:1      | Reached XP level 1. HP: 19/19 MP: 0/0
   157 | D:1      | Reached XP level 2. HP: 14/27 MP: 1/1
  1024 | D:1      | Reached ** piety under Trog
  1412 | D:2      | You fall into a shaft and drop 2 floors!
  1745 | D:2      | Reached XP level 3. HP: 32/33 MP: 2/2
  2034 | D:2      | Found a blossoming altar of Fedhas.
  2770 | D:3      | Noticed an orc warrior
  2775 | D:3      | Reached XP level 4. HP: 32/41 MP: 3/3
  2783 | D:3      | Killed from afar by an orc priest

Levels and vault maps discovered:
D:1:      dpeg_cavernosity, layout_loops_ring
D:2:      layout_basic, first_ration, minmay_misc_feat_chi, fedhas_altar_4
D:3:      layout_loops_ring, roderic_serpentine_path, minmay_unequal,
          uniq_crazy_yiuf_cottage
D:4:      layout_loops_corners, kennysheep_mini, makhleb_altar_promises_db,
          serial_shops, nicolae_shop_trees, gammafunk_ghost_stat_death,
          uniq_eustachio, uniq_pikel, uniq_duvessa, uniq_robin

Skill      XL: |  1  2  3 |
---------------+----------+-----
Axes           | 4 |  4.5
Fighting       | 4 |  4.5
Armour         | 3 |  3.1
Dodging        | |  2.6

Action                   |  1- 3 |  4- 6 || total
-------------------------+-------+-------++-------
Melee: Hand axe          |   127 |     4 ||   131
       Headbutt          |    13 |     1 ||    14
  Eat: Chunk             |     6 |       ||     6
Armor: Animal skin       |    10 |       ||    10
       Plate armour      |    81 |     3 ||    84
Dodge: Dodged            |    34 |       ||    34
Block: Large shield      |    58 |     4 ||    62

Table legend:
 A = Non-vault XP
 B = Vault XP
 C = Vault XP percentage of total XP
 D = Non-vault monster count
 E = Vault monster count
 F = Vault count percentage of total count
                 A         B        C        D         E       F
            +---------+---------+-------+---------+---------+-------
      Total |      92 |       7 |   7.1 |      44 |       5 |  10.2
            +---------+---------+-------+---------+---------+-------
        D:1 |      32 |       5 |  13.5 |      18 |       4 |  18.2
        D:2 |       8 |       0 |   0.0 |       5 |       0 |   0.0
        D:3 |      52 |       2 |   3.7 |      21 |       1 |   4.5
            +---------+---------+-------+---------+---------+-------
